Workbook

Sheet Start Here
B2: STATE OF HARMONI
B3: Debt Payoff Tracker
B4: Know Your Numbers. Know Yourself. Know Your Choices.
B7: How to use this tracker
B8: 1. Go to the 'Your Debts' tab and list every debt you have. Fill in the pink cells only.
B9: 2. Choose a payoff strategy on the 'Payoff Plan' tab (Snowball or Avalanche) and see your path.
B10: 3. Use the 'Payment Log' tab to record each payment as you make it and watch your balances fall.
B11: 4. The 'Summary' tab shows your total picture at a glance.
B13: Only edit the PINK cells. Everything else calculates for you.
B15: Two ways to clear debt
B16: Snowball: pay off the smallest balance first for quick wins and momentum.
B17: Avalanche: pay off the highest interest rate first to save the most money.
... B20: This tracker is provided for educational purposes only and is general information, not personal financial advice. Consider your own circumstances and seek advice from a licensed financial adviser, accountant or other qualified professional before making financial decisions.

Sheet Your Debts
A1: YOUR DEBTS
A2: List every debt below. Fill in the pink cells only.
A4: Debt Name | B4: Debt Type | C4: Current Balance | D4: Interest Rate (APR) | E4: Minimum Payment | F4: Extra Payment | G4: Total Monthly Payment
A5: Store Card | B5: Retail Card | C5: 800 | D5: 0.0499 | E5: 30 | F5: 200 | G5: =IF(AND(E5="",F5=""),"",N(E5)+N(F5)) -> 230
A6: Credit Card | B6: Credit Card | C6: 6500 | D6: 0.2199 | E6: 150 | F6: 0 | G6: =IF(AND(E6="",F6=""),"",N(E6)+N(F6)) -> 150
A7: Car Loan | B7: Vehicle | C7: 3000 | D7: 0.0899 | E7: 120 | F7: 0 | G7: =IF(AND(E7="",F7=""),"",N(E7)+N(F7)) -> 120
G8: =IF(AND(E8="",F8=""),"",N(E8)+N(F8))
G9: =IF(AND(E9="",F9=""),"",N(E9)+N(F9))
G10: =IF(AND(E10="",F10=""),"",N(E10)+N(F10))
G11: =IF(AND(E11="",F11=""),"",N(E11)+N(F11))
G12: =IF(AND(E12="",F12=""),"",N(E12)+N(F12))
G13: =IF(AND(E13="",F13=""),"",N(E13)+N(F13))
G14: =IF(AND(E14="",F14=""),"",N(E14)+N(F14))
G15: =IF(AND(E15="",F15=""),"",N(E15)+N(F15))
G16: =IF(AND(E16="",F16=""),"",N(E16)+N(F16))
G17: =IF(AND(E17="",F17=""),"",N(E17)+N(F17))
G18: =IF(AND(E18="",F18=""),"",N(E18)+N(F18))
G19: =IF(AND(E19="",F19=""),"",N(E19)+N(F19))
A20: TOTALS | C20: =SUM(C5:C19) -> 10300 | E20: =SUM(E5:E19) -> 300 | F20: =SUM(F5:F19) -> 200 | G20: =SUM(G5:G19) -> 500
A22: Pink cells = you fill in
A23: Gold cells = calculated automatically

Sheet Payoff Plan
A1: PAYOFF PLAN
A2: Your debts ranked by both strategies. Pick the one you'll stick to.
A4: SNOWBALL — smallest balance first (momentum) | G4: AVALANCHE — highest interest first (saves money)
A5: Order | B5: Debt Name | C5: Balance | D5: Interest Rate | E5: Min Payment | G5: Order | H5: Debt Name | I5: Balance | J5: Interest Rate | K5: Min Payment | N5: =IF('Your Debts'!C5="","",SUMPRODUCT(('Your Debts'!$C$5:$C$19<>"")*('Your Debts'!$C$5:$C$19<'Your Debts'!C5))+SUMPRODUCT(('Your Debts'!$C$5:$C$19='Your Debts'!C5)*(ROW('Your Debts'!$C$5:$C$19)<5))+1) -> 1 | O5: =IF('Your Debts'!C5="","",SUMPRODUCT(('Your Debts'!$C$5:$C$19<>"")*('Your Debts'!$D$5:$D$19>'Your Debts'!D5))+SUMPRODUCT(('Your Debts'!$C$5:$C$19<>"")*('Your Debts'!$D$5:$D$19='Your Debts'!D5)*(ROW('Your Debts'!$D$5:$D$19)<5))+1) -> 3
A6: 1 | B6: =IFERROR(INDEX('Your Debts'!$B$5:$B$19,MATCH(1,$N$5:$N$19,0)),"") -> Retail Card | C6: =IFERROR(INDEX('Your Debts'!$C$5:$C$19,MATCH(1,$N$5:$N$19,0)),"") -> 800 | D6: =IFERROR(INDEX('Your Debts'!$D$5:$D$19,MATCH(1,$N$5:$N$19,0)),"") -> 0.0499 | E6: =IFERROR(INDEX('Your Debts'!$E$5:$E$19,MATCH(1,$N$5:$N$19,0)),"") -> 30 | G6: 1 | H6: =IFERROR(INDEX('Your Debts'!$B$5:$B$19,MATCH(1,$O$5:$O$19,0)),"") -> Credit Card | I6: =IFERROR(INDEX('Your Debts'!$C$5:$C$19,MATCH(1,$O$5:$O$19,0)),"") -> 6500 | J6: =IFERROR(INDEX('Your Debts'!$D$5:$D$19,MATCH(1,$O$5:$O$19,0)),"") -> 0.2199 | K6: =IFERROR(INDEX('Your Debts'!$E$5:$E$19,MATCH(1,$O$5:$O$19,0)),"") -> 150 | N6: =IF('Your Debts'!C6="","",SUMPRODUCT(('Your Debts'!$C$5:$C$19<>"")*('Your Debts'!$C$5:$C$19<'Your Debts'!C6))+SUMPRODUCT(('Your Debts'!$C$5:$C$19='Your Debts'!C6)*(ROW('Your Debts'!$C$5:$C$19)<6))+1) -> 3 | O6: =IF('Your Debts'!C6="","",SUMPRODUCT(('Your Debts'!$C$5:$C$19<>"")*('Your Debts'!$D$5:$D$19>'Your Debts'!D6))+SUMPRODUCT(('Your Debts'!$C$5:$C$19<>"")*('Your Debts'!$D$5:$D$19='Your Debts'!D6)*(ROW('Your Debts'!$D$5:$D$19)<6))+1) -> 1
A7: 2 | B7: =IFERROR(INDEX('Your Debts'!$B$5:$B$19,MATCH(2,$N$5:$N$19,0)),"") -> Vehicle | C7: =IFERROR(INDEX('Your Debts'!$C$5:$C$19,MATCH(2,$N$5:$N$19,0)),"") -> 3000 | D7: =IFERROR(INDEX('Your Debts'!$D$5:$D$19,MATCH(2,$N$5:$N$19,0)),"") -> 0.0899 | E7: =IFERROR(INDEX('Your Debts'!$E$5:$E$19,MATCH(2,$N$5:$N$19,0)),"") -> 120 | G7: 2 | H7: =IFERROR(INDEX('Your Debts'!$B$5:$B$19,MATCH(2,$O$5:$O$19,0)),"") -> Vehicle | I7: =IFERROR(INDEX('Your Debts'!$C$5:$C$19,MATCH(2,$O$5:$O$19,0)),"") -> 3000 | J7: =IFERROR(INDEX('Your Debts'!$D$5:$D$19,MATCH(2,$O$5:$O$19,0)),"") -> 0.0899 | K7: =IFERROR(INDEX('Your Debts'!$E$5:$E$19,MATCH(2,$O$5:$O$19,0)),"") -> 120 | N7: =IF('Your Debts'!C7="","",SUMPRODUCT(('Your Debts'!$C$5:$C$19<>"")*('Your Debts'!$C$5:$C$19<'Your Debts'!C7))+SUMPRODUCT(('Your Debts'!$C$5:$C$19='Your Debts'!C7)*(ROW('Your Debts'!$C$5:$C$19)<7))+1) -> 2 | O7: =IF('Your Debts'!C7="","",SUMPRODUCT(('Your Debts'!$C$5:$C$19<>"")*('Your Debts'!$D$5:$D$19>'Your Debts'!D7))+SUMPRODUCT(('Your Debts'!$C$5:$C$19<>"")*('Your Debts'!$D$5:$D$19='Your Debts'!D7)*(ROW('Your Debts'!$D$5:$D$19)<7))+1) -> 2
A8: 3 | B8: =IFERROR(INDEX('Your Debts'!$B$5:$B$19,MATCH(3,$N$5:$N$19,0)),"") -> Credit Card | C8: =IFERROR(INDEX('Your Debts'!$C$5:$C$19,MATCH(3,$N$5:$N$19,0)),"") -> 6500 | D8: =IFERROR(INDEX('Your Debts'!$D$5:$D$19,MATCH(3,$N$5:$N$19,0)),"") -> 0.2199 | E8: =IFERROR(INDEX('Your Debts'!$E$5:$E$19,MATCH(3,$N$5:$N$19,0)),"") -> 150 | G8: 3 | H8: =IFERROR(INDEX('Your Debts'!$B$5:$B$19,MATCH(3,$O$5:$O$19,0)),"") -> Retail Card | I8: =IFERROR(INDEX('Your Debts'!$C$5:$C$19,MATCH(3,$O$5:$O$19,0)),"") -> 800 | J8: =IFERROR(INDEX('Your Debts'!$D$5:$D$19,MATCH(3,$O$5:$O$19,0)),"") -> 0.0499 | K8: =IFERROR(INDEX('Your Debts'!$E$5:$E$19,MATCH(3,$O$5:$O$19,0)),"") -> 30 | N8: =IF('Your Debts'!C8="","",SUMPRODUCT(('Your Debts'!$C$5:$C$19<>"")*('Your Debts'!$C$5:$C$19<'Your Debts'!C8))+SUMPRODUCT(('Your Debts'!$C$5:$C$19='Your Debts'!C8)*(ROW('Your Debts'!$C$5:$C$19)<8))+1) | O8: =IF('Your Debts'!C8="","",SUMPRODUCT(('Your Debts'!$C$5:$C$19<>"")*('Your Debts'!$D$5:$D$19>'Your Debts'!D8))+SUMPRODUCT(('Your Debts'!$C$5:$C$19<>"")*('Your Debts'!$D$5:$D$19='Your Debts'!D8)*(ROW('Your Debts'!$D$5:$D$19)<8))+1)
A9: 4 | B9: =IFERROR(INDEX('Your Debts'!$B$5:$B$19,MATCH(4,$N$5:$N$19,0)),"") | C9: =IFERROR(INDEX('Your Debts'!$C$5:$C$19,MATCH(4,$N$5:$N$19,0)),"") | D9: =IFERROR(INDEX('Your Debts'!$D$5:$D$19,MATCH(4,$N$5:$N$19,0)),"") | E9: =IFERROR(INDEX('Your Debts'!$E$5:$E$19,MATCH(4,$N$5:$N$19,0)),"") | G9: 4 | H9: =IFERROR(INDEX('Your Debts'!$B$5:$B$19,MATCH(4,$O$5:$O$19,0)),"") | I9: =IFERROR(INDEX('Your Debts'!$C$5:$C$19,MATCH(4,$O$5:$O$19,0)),"") | J9: =IFERROR(INDEX('Your Debts'!$D$5:$D$19,MATCH(4,$O$5:$O$19,0)),"") | K9: =IFERROR(INDEX('Your Debts'!$E$5:$E$19,MATCH(4,$O$5:$O$19,0)),"") | N9: =IF('Your Debts'!C9="","",SUMPRODUCT(('Your Debts'!$C$5:$C$19<>"")*('Your Debts'!$C$5:$C$19<'Your Debts'!C9))+SUMPRODUCT(('Your Debts'!$C$5:$C$19='Your Debts'!C9)*(ROW('Your Debts'!$C$5:$C$19)<9))+1) | O9: =IF('Your Debts'!C9="","",SUMPRODUCT(('Your Debts'!$C$5:$C$19<>"")*('Your Debts'!$D$5:$D$19>'Your Debts'!D9))+SUMPRODUCT(('Your Debts'!$C$5:$C$19<>"")*('Your Debts'!$D$5:$D$19='Your Debts'!D9)*(ROW('Your Debts'!$D$5:$D$19)<9))+1)
A10: 5 | B10: =IFERROR(INDEX('Your Debts'!$B$5:$B$19,MATCH(5,$N$5:$N$19,0)),"") | C10: =IFERROR(INDEX('Your Debts'!$C$5:$C$19,MATCH(5,$N$5:$N$19,0)),"") | D10: =IFERROR(INDEX('Your Debts'!$D$5:$D$19,MATCH(5,$N$5:$N$19,0)),"") | E10: =IFERROR(INDEX('Your Debts'!$E$5:$E$19,MATCH(5,$N$5:$N$19,0)),"") | G10: 5 | H10: =IFERROR(INDEX('Your Debts'!$B$5:$B$19,MATCH(5,$O$5:$O$19,0)),"") | I10: =IFERROR(INDEX('Your Debts'!$C$5:$C$19,MATCH(5,$O$5:$O$19,0)),"") | J10: =IFERROR(INDEX('Your Debts'!$D$5:$D$19,MATCH(5,$O$5:$O$19,0)),"") | K10: =IFERROR(INDEX('Your Debts'!$E$5:$E$19,MATCH(5,$O$5:$O$19,0)),"") | N10: =IF('Your Debts'!C10="","",SUMPRODUCT(('Your Debts'!$C$5:$C$19<>"")*('Your Debts'!$C$5:$C$19<'Your Debts'!C10))+SUMPRODUCT(('Your Debts'!$C$5:$C$19='Your Debts'!C10)*(ROW('Your Debts'!$C$5:$C$19)<10))+1) | O10: =IF('Your Debts'!C10="","",SUMPRODUCT(('Your Debts'!$C$5:$C$19<>"")*('Your Debts'!$D$5:$D$19>'Your Debts'!D10))+SUMPRODUCT(('Your Debts'!$C$5:$C$19<>"")*('Your Debts'!$D$5:$D$19='Your Debts'!D10)*(ROW('Your Debts'!$D$5:$D$19)<10))+1)
A11: 6 | B11: =IFERROR(INDEX('Your Debts'!$B$5:$B$19,MATCH(6,$N$5:$N$19,0)),"") | C11: =IFERROR(INDEX('Your Debts'!$C$5:$C$19,MATCH(6,$N$5:$N$19,0)),"") | D11: =IFERROR(INDEX('Your Debts'!$D$5:$D$19,MATCH(6,$N$5:$N$19,0)),"") | E11: =IFERROR(INDEX('Your Debts'!$E$5:$E$19,MATCH(6,$N$5:$N$19,0)),"") | G11: 6 | H11: =IFERROR(INDEX('Your Debts'!$B$5:$B$19,MATCH(6,$O$5:$O$19,0)),"") | I11: =IFERROR(INDEX('Your Debts'!$C$5:$C$19,MATCH(6,$O$5:$O$19,0)),"") | J11: =IFERROR(INDEX('Your Debts'!$D$5:$D$19,MATCH(6,$O$5:$O$19,0)),"") | K11: =IFERROR(INDEX('Your Debts'!$E$5:$E$19,MATCH(6,$O$5:$O$19,0)),"") | N11: =IF('Your Debts'!C11="","",SUMPRODUCT(('Your Debts'!$C$5:$C$19<>"")*('Your Debts'!$C$5:$C$19<'Your Debts'!C11))+SUMPRODUCT(('Your Debts'!$C$5:$C$19='Your Debts'!C11)*(ROW('Your Debts'!$C$5:$C$19)<11))+1) | O11: =IF('Your Debts'!C11="","",SUMPRODUCT(('Your Debts'!$C$5:$C$19<>"")*('Your Debts'!$D$5:$D$19>'Your Debts'!D11))+SUMPRODUCT(('Your Debts'!$C$5:$C$19<>"")*('Your Debts'!$D$5:$D$19='Your Debts'!D11)*(ROW('Your Debts'!$D$5:$D$19)<11))+1)
A12: 7 | B12: =IFERROR(INDEX('Your Debts'!$B$5:$B$19,MATCH(7,$N$5:$N$19,0)),"") | C12: =IFERROR(INDEX('Your Debts'!$C$5:$C$19,MATCH(7,$N$5:$N$19,0)),"") | D12: =IFERROR(INDEX('Your Debts'!$D$5:$D$19,MATCH(7,$N$5:$N$19,0)),"") | E12: =IFERROR(INDEX('Your Debts'!$E$5:$E$19,MATCH(7,$N$5:$N$19,0)),"") | G12: 7 | H12: =IFERROR(INDEX('Your Debts'!$B$5:$B$19,MATCH(7,$O$5:$O$19,0)),"") | I12: =IFERROR(INDEX('Your Debts'!$C$5:$C$19,MATCH(7,$O$5:$O$19,0)),"") | J12: =IFERROR(INDEX('Your Debts'!$D$5:$D$19,MATCH(7,$O$5:$O$19,0)),"") | K12: =IFERROR(INDEX('Your Debts'!$E$5:$E$19,MATCH(7,$O$5:$O$19,0)),"") | N12: =IF('Your Debts'!C12="","",SUMPRODUCT(('Your Debts'!$C$5:$C$19<>"")*('Your Debts'!$C$5:$C$19<'Your Debts'!C12))+SUMPRODUCT(('Your Debts'!$C$5:$C$19='Your Debts'!C12)*(ROW('Your Debts'!$C$5:$C$19)<12))+1) | O12: =IF('Your Debts'!C12="","",SUMPRODUCT(('Your Debts'!$C$5:$C$19<>"")*('Your Debts'!$D$5:$D$19>'Your Debts'!D12))+SUMPRODUCT(('Your Debts'!$C$5:$C$19<>"")*('Your Debts'!$D$5:$D$19='Your Debts'!D12)*(ROW('Your Debts'!$D$5:$D$19)<12))+1)
A13: 8 | B13: =IFERROR(INDEX('Your Debts'!$B$5:$B$19,MATCH(8,$N$5:$N$19,0)),"") | C13: =IFERROR(INDEX('Your Debts'!$C$5:$C$19,MATCH(8,$N$5:$N$19,0)),"") | D13: =IFERROR(INDEX('Your Debts'!$D$5:$D$19,MATCH(8,$N$5:$N$19,0)),"") | E13: =IFERROR(INDEX('Your Debts'!$E$5:$E$19,MATCH(8,$N$5:$N$19,0)),"") | G13: 8 | H13: =IFERROR(INDEX('Your Debts'!$B$5:$B$19,MATCH(8,$O$5:$O$19,0)),"") | I13: =IFERROR(INDEX('Your Debts'!$C$5:$C$19,MATCH(8,$O$5:$O$19,0)),"") | J13: =IFERROR(INDEX('Your Debts'!$D$5:$D$19,MATCH(8,$O$5:$O$19,0)),"") | K13: =IFERROR(INDEX('Your Debts'!$E$5:$E$19,MATCH(8,$O$5:$O$19,0)),"") | N13: =IF('Your Debts'!C13="","",SUMPRODUCT(('Your Debts'!$C$5:$C$19<>"")*('Your Debts'!$C$5:$C$19<'Your Debts'!C13))+SUMPRODUCT(('Your Debts'!$C$5:$C$19='Your Debts'!C13)*(ROW('Your Debts'!$C$5:$C$19)<13))+1) | O13: =IF('Your Debts'!C13="","",SUMPRODUCT(('Your Debts'!$C$5:$C$19<>"")*('Your Debts'!$D$5:$D$19>'Your Debts'!D13))+SUMPRODUCT(('Your Debts'!$C$5:$C$19<>"")*('Your Debts'!$D$5:$D$19='Your Debts'!D13)*(ROW('Your Debts'!$D$5:$D$19)<13))+1)
A14: 9 | B14: =IFERROR(INDEX('Your Debts'!$B$5:$B$19,MATCH(9,$N$5:$N$19,0)),"") | C14: =IFERROR(INDEX('Your Debts'!$C$5:$C$19,MATCH(9,$N$5:$N$19,0)),"") | D14: =IFERROR(INDEX('Your Debts'!$D$5:$D$19,MATCH(9,$N$5:$N$19,0)),"") | E14: =IFERROR(INDEX('Your Debts'!$E$5:$E$19,MATCH(9,$N$5:$N$19,0)),"") | G14: 9 | H14: =IFERROR(INDEX('Your Debts'!$B$5:$B$19,MATCH(9,$O$5:$O$19,0)),"") | I14: =IFERROR(INDEX('Your Debts'!$C$5:$C$19,MATCH(9,$O$5:$O$19,0)),"") | J14: =IFERROR(INDEX('Your Debts'!$D$5:$D$19,MATCH(9,$O$5:$O$19,0)),"") | K14: =IFERROR(INDEX('Your Debts'!$E$5:$E$19,MATCH(9,$O$5:$O$19,0)),"") | N14: =IF('Your Debts'!C14="","",SUMPRODUCT(('Your Debts'!$C$5:$C$19<>"")*('Your Debts'!$C$5:$C$19<'Your Debts'!C14))+SUMPRODUCT(('Your Debts'!$C$5:$C$19='Your Debts'!C14)*(ROW('Your Debts'!$C$5:$C$19)<14))+1) | O14: =IF('Your Debts'!C14="","",SUMPRODUCT(('Your Debts'!$C$5:$C$19<>"")*('Your Debts'!$D$5:$D$19>'Your Debts'!D14))+SUMPRODUCT(('Your Debts'!$C$5:$C$19<>"")*('Your Debts'!$D$5:$D$19='Your Debts'!D14)*(ROW('Your Debts'!$D$5:$D$19)<14))+1)
A15: 10 | B15: =IFERROR(INDEX('Your Debts'!$B$5:$B$19,MATCH(10,$N$5:$N$19,0)),"") | C15: =IFERROR(INDEX('Your Debts'!$C$5:$C$19,MATCH(10,$N$5:$N$19,0)),"") | D15: =IFERROR(INDEX('Your Debts'!$D$5:$D$19,MATCH(10,$N$5:$N$19,0)),"") | E15: =IFERROR(INDEX('Your Debts'!$E$5:$E$19,MATCH(10,$N$5:$N$19,0)),"") | G15: 10 | H15: =IFERROR(INDEX('Your Debts'!$B$5:$B$19,MATCH(10,$O$5:$O$19,0)),"") | I15: =IFERROR(INDEX('Your Debts'!$C$5:$C$19,MATCH(10,$O$5:$O$19,0)),"") | J15: =IFERROR(INDEX('Your Debts'!$D$5:$D$19,MATCH(10,$O$5:$O$19,0)),"") | K15: =IFERROR(INDEX('Your Debts'!$E$5:$E$19,MATCH(10,$O$5:$O$19,0)),"") | N15: =IF('Your Debts'!C15="","",SUMPRODUCT(('Your Debts'!$C$5:$C$19<>"")*('Your Debts'!$C$5:$C$19<'Your Debts'!C15))+SUMPRODUCT(('Your Debts'!$C$5:$C$19='Your Debts'!C15)*(ROW('Your Debts'!$C$5:$C$19)<15))+1) | O15: =IF('Your Debts'!C15="","",SUMPRODUCT(('Your Debts'!$C$5:$C$19<>"")*('Your Debts'!$D$5:$D$19>'Your Debts'!D15))+SUMPRODUCT(('Your Debts'!$C$5:$C$19<>"")*('Your Debts'!$D$5:$D$19='Your Debts'!D15)*(ROW('Your Debts'!$D$5:$D$19)<15))+1)
A16: 11 | B16: =IFERROR(INDEX('Your Debts'!$B$5:$B$19,MATCH(11,$N$5:$N$19,0)),"") | C16: =IFERROR(INDEX('Your Debts'!$C$5:$C$19,MATCH(11,$N$5:$N$19,0)),"") | D16: =IFERROR(INDEX('Your Debts'!$D$5:$D$19,MATCH(11,$N$5:$N$19,0)),"") | E16: =IFERROR(INDEX('Your Debts'!$E$5:$E$19,MATCH(11,$N$5:$N$19,0)),"") | G16: 11 | H16: =IFERROR(INDEX('Your Debts'!$B$5:$B$19,MATCH(11,$O$5:$O$19,0)),"") | I16: =IFERROR(INDEX('Your Debts'!$C$5:$C$19,MATCH(11,$O$5:$O$19,0)),"") | J16: =IFERROR(INDEX('Your Debts'!$D$5:$D$19,MATCH(11,$O$5:$O$19,0)),"") | K16: =IFERROR(INDEX('Your Debts'!$E$5:$E$19,MATCH(11,$O$5:$O$19,0)),"") | N16: =IF('Your Debts'!C16="","",SUMPRODUCT(('Your Debts'!$C$5:$C$19<>"")*('Your Debts'!$C$5:$C$19<'Your Debts'!C16))+SUMPRODUCT(('Your Debts'!$C$5:$C$19='Your Debts'!C16)*(ROW('Your Debts'!$C$5:$C$19)<16))+1) | O16: =IF('Your Debts'!C16="","",SUMPRODUCT(('Your Debts'!$C$5:$C$19<>"")*('Your Debts'!$D$5:$D$19>'Your Debts'!D16))+SUMPRODUCT(('Your Debts'!$C$5:$C$19<>"")*('Your Debts'!$D$5:$D$19='Your Debts'!D16)*(ROW('Your Debts'!$D$5:$D$19)<16))+1)
A17: 12 | B17: =IFERROR(INDEX('Your Debts'!$B$5:$B$19,MATCH(12,$N$5:$N$19,0)),"") | C17: =IFERROR(INDEX('Your Debts'!$C$5:$C$19,MATCH(12,$N$5:$N$19,0)),"") | D17: =IFERROR(INDEX('Your Debts'!$D$5:$D$19,MATCH(12,$N$5:$N$19,0)),"") | E17: =IFERROR(INDEX('Your Debts'!$E$5:$E$19,MATCH(12,$N$5:$N$19,0)),"") | G17: 12 | H17: =IFERROR(INDEX('Your Debts'!$B$5:$B$19,MATCH(12,$O$5:$O$19,0)),"") | I17: =IFERROR(INDEX('Your Debts'!$C$5:$C$19,MATCH(12,$O$5:$O$19,0)),"") | J17: =IFERROR(INDEX('Your Debts'!$D$5:$D$19,MATCH(12,$O$5:$O$19,0)),"") | K17: =IFERROR(INDEX('Your Debts'!$E$5:$E$19,MATCH(12,$O$5:$O$19,0)),"") | N17: =IF('Your Debts'!C17="","",SUMPRODUCT(('Your Debts'!$C$5:$C$19<>"")*('Your Debts'!$C$5:$C$19<'Your Debts'!C17))+SUMPRODUCT(('Your Debts'!$C$5:$C$19='Your Debts'!C17)*(ROW('Your Debts'!$C$5:$C$19)<17))+1) | O17: =IF('Your Debts'!C17="","",SUMPRODUCT(('Your Debts'!$C$5:$C$19<>"")*('Your Debts'!$D$5:$D$19>'Your Debts'!D17))+SUMPRODUCT(('Your Debts'!$C$5:$C$19<>"")*('Your Debts'!$D$5:$D$19='Your Debts'!D17)*(ROW('Your Debts'!$D$5:$D$19)<17))+1)
A18: 13 | B18: =IFERROR(INDEX('Your Debts'!$B$5:$B$19,MATCH(13,$N$5:$N$19,0)),"") | C18: =IFERROR(INDEX('Your Debts'!$C$5:$C$19,MATCH(13,$N$5:$N$19,0)),"") | D18: =IFERROR(INDEX('Your Debts'!$D$5:$D$19,MATCH(13,$N$5:$N$19,0)),"") | E18: =IFERROR(INDEX('Your Debts'!$E$5:$E$19,MATCH(13,$N$5:$N$19,0)),"") | G18: 13 | H18: =IFERROR(INDEX('Your Debts'!$B$5:$B$19,MATCH(13,$O$5:$O$19,0)),"") | I18: =IFERROR(INDEX('Your Debts'!$C$5:$C$19,MATCH(13,$O$5:$O$19,0)),"") | J18: =IFERROR(INDEX('Your Debts'!$D$5:$D$19,MATCH(13,$O$5:$O$19,0)),"") | K18: =IFERROR(INDEX('Your Debts'!$E$5:$E$19,MATCH(13,$O$5:$O$19,0)),"") | N18: =IF('Your Debts'!C18="","",SUMPRODUCT(('Your Debts'!$C$5:$C$19<>"")*('Your Debts'!$C$5:$C$19<'Your Debts'!C18))+SUMPRODUCT(('Your Debts'!$C$5:$C$19='Your Debts'!C18)*(ROW('Your Debts'!$C$5:$C$19)<18))+1) | O18: =IF('Your Debts'!C18="","",SUMPRODUCT(('Your Debts'!$C$5:$C$19<>"")*('Your Debts'!$D$5:$D$19>'Your Debts'!D18))+SUMPRODUCT(('Your Debts'!$C$5:$C$19<>"")*('Your Debts'!$D$5:$D$19='Your Debts'!D18)*(ROW('Your Debts'!$D$5:$D$19)<18))+1)
A19: 14 | B19: =IFERROR(INDEX('Your Debts'!$B$5:$B$19,MATCH(14,$N$5:$N$19,0)),"") | C19: =IFERROR(INDEX('Your Debts'!$C$5:$C$19,MATCH(14,$N$5:$N$19,0)),"") | D19: =IFERROR(INDEX('Your Debts'!$D$5:$D$19,MATCH(14,$N$5:$N$19,0)),"") | E19: =IFERROR(INDEX('Your Debts'!$E$5:$E$19,MATCH(14,$N$5:$N$19,0)),"") | G19: 14 | H19: =IFERROR(INDEX('Your Debts'!$B$5:$B$19,MATCH(14,$O$5:$O$19,0)),"") | I19: =IFERROR(INDEX('Your Debts'!$C$5:$C$19,MATCH(14,$O$5:$O$19,0)),"") | J19: =IFERROR(INDEX('Your Debts'!$D$5:$D$19,MATCH(14,$O$5:$O$19,0)),"") | K19: =IFERROR(INDEX('Your Debts'!$E$5:$E$19,MATCH(14,$O$5:$O$19,0)),"") | N19: =IF('Your Debts'!C19="","",SUMPRODUCT(('Your Debts'!$C$5:$C$19<>"")*('Your Debts'!$C$5:$C$19<'Your Debts'!C19))+SUMPRODUCT(('Your Debts'!$C$5:$C$19='Your Debts'!C19)*(ROW('Your Debts'!$C$5:$C$19)<19))+1) | O19: =IF('Your Debts'!C19="","",SUMPRODUCT(('Your Debts'!$C$5:$C$19<>"")*('Your Debts'!$D$5:$D$19>'Your Debts'!D19))+SUMPRODUCT(('Your Debts'!$C$5:$C$19<>"")*('Your Debts'!$D$5:$D$19='Your Debts'!D19)*(ROW('Your Debts'!$D$5:$D$19)<19))+1)
A20: 15 | B20: =IFERROR(INDEX('Your Debts'!$B$5:$B$19,MATCH(15,$N$5:$N$19,0)),"") | C20: =IFERROR(INDEX('Your Debts'!$C$5:$C$19,MATCH(15,$N$5:$N$19,0)),"") | D20: =IFERROR(INDEX('Your Debts'!$D$5:$D$19,MATCH(15,$N$5:$N$19,0)),"") | E20: =IFERROR(INDEX('Your Debts'!$E$5:$E$19,MATCH(15,$N$5:$N$19,0)),"") | G20: 15 | H20: =IFERROR(INDEX('Your Debts'!$B$5:$B$19,MATCH(15,$O$5:$O$19,0)),"") | I20: =IFERROR(INDEX('Your Debts'!$C$5:$C$19,MATCH(15,$O$5:$O$19,0)),"") | J20: =IFERROR(INDEX('Your Debts'!$D$5:$D$19,MATCH(15,$O$5:$O$19,0)),"") | K20: =IFERROR(INDEX('Your Debts'!$E$5:$E$19,MATCH(15,$O$5:$O$19,0)),"")

Sheet Payment Log
A1: PAYMENT LOG
A2: Record each payment as you make it. Fill in the pink cells only.
A4: Date | B4: Debt Name | C4: Payment Amount | D4: Notes
B5: Visa Credit Card | C5: 170 | D5: First extra payment — momentum!

Sheet Summary
B2: YOUR DEBT SNAPSHOT
B3: Numbers create clarity. Clarity creates choice.
B5: Total debt remaining | C5: ='Your Debts'!C20-SUMIF('Payment Log'!B5:B104,"<>",'Payment Log'!C5:C104) -> 10130
B6: Original total debt | C6: ='Your Debts'!C20 -> 10300
B7: Total paid so far | C7: =SUM('Payment Log'!C5:C104) -> 170
B8: Total minimum payments (monthly) | C8: ='Your Debts'!E20 -> 300
B9: Total extra payments (monthly) | C9: ='Your Debts'!F20 -> 200
B10: Total monthly commitment | C10: ='Your Debts'!G20 -> 500
B11: Number of debts | C11: =COUNT('Your Debts'!C5:C19) -> 3
B12: Percentage paid off | C12: =IFERROR(SUM('Payment Log'!C5:C104)/'Your Debts'!C20,0) -> 0.016504854
B14: Every payment is a choice. Every choice is progress. Keep going — Krissy x
B16: This tracker is provided for educational purposes only and is general information, not personal financial advice. Consider your own circumstances and seek advice from a licensed financial adviser, accountant or other qualified professional before making financial decisions.

Sheet Payoff Projection
A1: PAYOFF PROJECTION
A2: See both methods side by side. Watch your debt fall and pick the line you want to follow.
A4: Snowball — debt free in | B4: 2y 10m | H4: Month | I4: Snowball Balance | J4: Avalanche Balance
A5: Avalanche — debt free in | B5: 2y 1m | H5: 0 | I5: 10300 | J5: 10300
H6: 1 | I6: 9944.91 | J6: 9944.91
A7: This projection is illustrative and based on the debts entered on the 'Your Debts' tab, assuming steady monthly payments and rates. Rebuild or reopen after editing your debts to refresh these figures. | H7: 2 | I7: 9587.59 | J7: 9584.76
H8: 3 | I8: 9228.01 | J8: 9219.44
H9: 4 | I9: 8866.14 | J9: 8848.89
H10: 5 | I10: 8531.61 | J10: 8473
H11: 6 | I11: 8194.2 | J11: 8091.71
H12: 7 | I12: 7853.91 | J12: 7704.9
H13: 8 | I13: 7510.69 | J13: 7312.5
H14: 9 | I14: 7164.51 | J14: 6914.42
H15: 10 | I15: 6815.36 | J15: 6510.55
H16: 11 | I16: 6463.2 | J16: 6100.8
H17: 12 | I17: 6108 | J17: 5685.07
H18: 13 | I18: 5851.21 | J18: 5263.27
H19: 14 | I19: 5608.43 | J19: 4835.29
... H39: 34 | I39: 0 | J39: 0
